Unix NetHack Version 5.0.0-0 post-release - last build Jun 10 2026 00:39:30 (3ee93aec679c4c4259841fe613dc97188e26a321,branch:main).

Game began 2026-07-04 17:53:33, ended 2026-07-04 22:27:11.

Brudee, chaotic female human Rogue

  ----------------------------------------------
  |.*......?..................C................---
  --...)....*........^......S....................---
   ---.......................D.<:.........h........---
     ---.......................'d........B...........---
       ---.....%.......................................---
         ---......l.............:...........)............---
           ---........................fO....)..............---
             ---.....................q..................>..^.---
               ---.................d...........................---
                 ---.............................................---
                   ---...................................i.........---
                     ---.............................................---
                       ---.......M....................*................---
                         ---....YT.......................................---
                           ---...@.........................................-
                             ---.G..........................................|
                               ----------------------------------------------
Brudee the Rogue        St:12 Dx:18 Co:20 In:12 Wi:14 Ch:9  Chaotic S:10742
Dlvl:11 $:0  HP:0(104) Pw:34(34) AC:-6 Xp:8/2553 T:10732 

Latest messages:
 The ape bites!
 The gelatinous cube touches you!
 Sparky bites the ape.
 The ape is killed!
 The ape hits!
 The ape hits again!
 The ape bites!
 The ape misses!
 The ape hits!
 The ape misses!
 You can move again.
 You hit the gelatinous cube!
 Sparky eats an ape corpse.
 The ape hits!
 The ape hits again!
 The ape bites!
 You hit the gelatinous cube!
 You are frozen by the gelatinous cube!
 The ape hits!
 The ape hits again!
 The ape bites!
 The displacer beast moves the ape out of its way!
 The gelatinous cube touches you!
 You can move again.
 You kill the gelatinous cube!
 The displacer beast hits!
 The displacer beast misses!
 The displacer beast bites!
 What do you want to wield? [- N or ?*] ?
 Never mind.
 What do you want to wield? [- N or ?*] k
 k - a cockatrice corpse (wielded).
 The ape hits!
 The ape hits again!
 The ape bites!
 The displacer beast misses!
 The displacer beast hits!
 The displacer beast misses!
 The displacer beast turns into an Olog-hai!
 You begin bashing monsters with your cockatrice corpse.
 You miss the Olog-hai.
 The ape misses!
 The ape hits!
 The ape just misses!
 The Olog-hai hits!
 The Olog-hai hits!
 The Olog-hai bites!
 You die...
 Do you want your possessions identified? [ynq] (y) y
 Do you want to see your attributes? [ynq] (y) q

Inventory:
 Amulets  ('"')
  B - an uncursed amulet of ESP (being worn)
  A - an uncursed amulet versus poison
 Weapons  (')')
  N - the blessed +5 Sting
 Armor    ('[')
  S - an uncursed burnt +2 pair of leather gloves (being worn)
  U - a blessed +2 pair of low boots (being worn)
  Z - an uncursed +0 shield of drain resistance (being worn)
  q - an uncursed +1 robe (being worn)
 Comestibles  ('%')
  k - an uncursed cockatrice corpse (wielded)
 Scrolls  ('?')
  p - an uncursed scroll of stinking cloud
  l - 2 uncursed scrolls of teleportation
 Rings    ('=')
  G - a blessed +2 ring of gain constitution (on left hand)
  j - an uncursed ring of levitation
  D - an uncursed ring of teleport control (on right hand)
 Wands    ('/')
  o - a wand of death (0:5)
  s - a wand of magic missile (0:0)
  T - a wand of speed monster (0:4)
  a - a wand of stasis (0:3)
 Tools    ('(')
  i - an uncursed sack containing 21 items
  K - an uncursed blindfold
  L - an uncursed lock pick
  M - an uncursed magic whistle
  I - an uncursed oil lamp (lit)
  P - an uncursed pair of lenses
 Gems/Stones  ('*')
  h - 2 uncursed opals
  Q - a blessed luckstone
  t - a blessed touchstone

Contents of the sack:
  6 blessed scrolls of blank paper
  9 uncursed scrolls of blank paper
  4 cursed scrolls of blank paper
  an uncursed scroll of destroy armor
  a cursed scroll of enchant weapon
  a cursed scroll of identify
  a blessed scroll of magic mapping
  an uncursed scroll of taming
  an uncursed diluted potion of blindness
  an uncursed diluted potion of enlightenment
  2 uncursed diluted potions of extra healing
  an uncursed potion of gain energy
  2 blessed potions of healing
  2 uncursed diluted potions of healing
  a cursed diluted potion of see invisible
  2 uncursed diluted potions of sickness
  a potion of holy water
  a wand of magic missile (0:7)
  a wand of polymorph (0:8)
  a wand of polymorph (0:6)
  a wand of polymorph (1:4)

Brudee the Rogue's attributes:

Background:
 You were a Rogue, level 8 female human.
 You were chaotic, on a mission for Kos
 who was opposed by Issek (lawful) and Mog (neutral).
 You were right-handed.
 You were in the Dungeons of Doom, on level 11, a very big room.
 You entered the dungeon 10732 turns ago.
 It was nighttime.
 You had 2553 experience points, 7 more were needed to attain level 9.
 Your score was 10742 before end-of-game adjustments.

Basics:
 You had 0 out of 104 hit points.
 You had all 34 energy points (spell power).
 Your armor class was -6.
 Your wallet was empty.
 Autopickup was off.

Final Characteristics:
 Your strength was 12 (limit:18/100).
 Your dexterity was 18 (limit:18).
 Your constitution was 20 (base:18, innate limit:18).
 Your intelligence was 12 (limit:18).
 Your wisdom was 14 (limit:18).
 Your charisma was 9 (limit:18).

Final Status:
 You weren't hungry.
 You were unencumbered.
 You were wielding a corpse.

Final Attributes:
 You were piously aligned.
 You were cold resistant.
 You were poison resistant.
 You were level-drain resistant.
 You were telepathic.
 You were stealthy.
 You had teleport control.
 You had a moderate defense bonus (+7).
 You were guarded.
 Your spell casting was enhanced by wearing a robe.
 You were lucky.
 You had extra luck.
 Good luck did not time out for you.
 You are dead.

Miscellaneous:
 You encountered 1 bones level.
 Total elapsed playing time was 3 hours, 7 minutes and 28 seconds.

Major events:
 Turn
    1: Brudee the chaotic female human Rogue entered the dungeon
  299: entered the Gnomish Mines
  989: attained the rank of Cutpurse (level 3)
 1173: Tuktoyaktuk, the general store proprietrix, has been killed
 1263: chose an elven dagger to be named "Sting"
 2064: Possogroenoe, the general store proprietrix, has been killed
 3172: reached Mine Town
 3401: Niskal, the hardware store proprietor, has been killed
 3589: Jasmine, the health food store proprietrix, has been killed
 3873: Chibougamau, the general store proprietor, has been killed
 4057: Izchak, the lighting store proprietor, has been killed
 4320: attained the rank of Rogue (level 6)
 6430: Havic, the jewelers proprietrix, has been killed
 6743: Akalapi, the general store proprietor, has been killed
 7217: Budereyri, the general store proprietor, has been killed
 9373: Enniscorthy, the second-hand bookstore proprietrix, has been killed
10481: entered the Bigroom
10732: killed by a chameleon imitating an Olog-hai

Spells:
 Name                 Level Category     Fail Retention
 light                  1   divination     0%   51%-75%
 detect unseen          3   divination   100%  76%-100%

Skills:
 Fighting Skills
   bare handed combat [Unskilled]
   two weapon combat  [Unskilled]
   riding             [Unskilled]
 Weapon Skills
   dagger             [Expert]
   knife              [Unskilled]
   short sword        [Basic]
   broadsword         [Unskilled]
   long sword         [Unskilled]
   two-handed sword   [Unskilled]
   saber              [Unskilled]
   club               [Unskilled]
   mace               [Unskilled]
   morning star       [Unskilled]
   flail              [Unskilled]
   hammer             [Unskilled]
   polearms           [Unskilled]
   spear              [Unskilled]
   crossbow           [Unskilled]
   dart               [Unskilled]
   shuriken           [Unskilled]
 Spellcasting Skills
   divination spells  [Unskilled]
   escape spells      [Unskilled]
   matter spells      [Unskilled]

Voluntary challenges:
 Character rerolling was not enabled.
 You never genocided any monsters.
 You never polymorphed an object.
 You never changed form.
 You used no wishes.
Achievements:
 You entered the Gnomish Mines.
 You entered a shop.
 You attained the rank of Cutpurse.
 You entered Minetown.
 You entered a temple.
 You attained the rank of Rogue.
 You entered the Big Room.

 The Dungeons of Doom: levels 1 to 11
    Level 1:
    Level 2:
       A general store.
       Stairs down to The Gnomish Mines.
    Level 3:
       A general store.
    Level 4:
       Some fountains.
    Level 5:
       A ring shop, some fountains.
    Level 6:
       A general store, a fountain.
    Level 7:
       An untended shop, a fountain.
    Level 8:
    Level 9:
       Many fountains.
    Level 10:
       A scroll shop, a sink, a grave.
    Level 11: <- You were here.
       A very big room.
       Final resting place for
          you, killed by a chameleon imitating an Olog-hai.
 The Gnomish Mines: levels 3 to 5
    Level 3:
    Level 4:
    Level 5:
       Many shops, a temple and an altar to Kos, some fountains.
       Final resting place for
          QGV42545-Mon-Hum-Fem-Cha, killed by a crossbow bolt.


Vanquished creatures:
 10 shopkeepers
 an aligned cleric
  a watch captain
  a ghost
  a giant mimic
  a large mimic
 12 small mimics
  a quantum mechanic
  a sasquatch
  a gelatinous cube
  a flaming sphere
  2 leocrottas
  a human mummy
  a wraith
  4 watchmen
  2 crocodiles
  a giant beetle
  a quivering blob
  a cockatrice
  a winter wolf cub
  2 panthers
  3 horses
  2 ice vortices
  a black light
  a vampire bat
 an ogre
  a yeti
  2 gold golems
  a werewolf
  2 dingoes
  a dog
  a housecat
  a jaguar
  a dust vortex
  a raven
  3 snakes
  6 apes
  a fire ant
 an imp
  a wood nymph
  2 water nymphs
  a mountain nymph
 an orc shaman
  2 rock piercers
  a rock mole
  2 ponies
  2 yellow lights
  4 gnome leaders
  3 gnomish wizards
  2 gray oozes
  3 giant ants
  3 floating eyes
  a kitten
  7 dwarves
  a homunculus
  a kobold leader
  5 rothes
  a centipede
  2 giant bats
  2 dwarf zombies
  a wererat
  a werejackal
  3 iguanas
 10 killer bees
  6 acid blobs
  3 coyotes
  3 gas spores
  3 hobbits
 10 manes
  a large kobold
  2 hobgoblins
  8 giant rats
  6 cave spiders
  3 yellow molds
  3 red molds
 21 gnomes
 11 garter snakes
  8 geckos
 16 jackals
  3 foxes
  3 kobolds
  a goblin
  4 sewer rats
 10 grid bugs
  4 bats
 10 lichens
  4 kobold zombies
  9 newts
291 creatures vanquished.

No species were genocided or became extinct.

Game over:
                       ----------
                      /          \
                     /    REST    \
                    /      IN      \
                   /     PEACE      \
                  /                  \
                  |      Brudee      |
                  |       0 Au       |
                  |   killed by a    |
                  |    chameleon     |
                  |   imitating an   |
                  |     Olog-hai     |
                  |       2026       |
                 *|     *  *  *      | *
        _________)/\\_//(\/(/\)/\//\/|_)_______

Goodbye Brudee the Rogue...

You died in The Dungeons of Doom on dungeon level 11 with 10742 points,
and 0 pieces of gold, after 10732 moves.
You were level 8 with a maximum of 104 hit points when you died.

